Senators vs Flyers

Created - December-23-14 at 17:08

Goals
1 2 3 T
Senators 3 0 1 4
Flyers 0 1 0 1
Shots
1 2 3 T
Senators 11 11 16 38
Flyers 16 11 16 43

1st period

1. Senators , Mika Zibanejad 6 (Ron Hainsey) at 2:34
2. Senators , Pavel Datsyuk 16 (Patrick Sharp, Eric Staal) at 2:48
3. Senators , Alec Martinez 6 (Patrick Sharp, Pavel Datsyuk) at 12:33

Penalties :
Joffrey Lupul (OTT) for Tripping (Minor) at 3:31, Anton Volchenkov (OTT) for Hooking (Minor) at 9:39, Jan Hejda (OTT) for Tripping (Minor) at 12:41, Ron Hainsey (OTT) for Holding Stick (Minor) at 16:23

2nd period

4. Flyers , Mike Santorelli 18 (Marek Zidlicky, Kyle Brodziak) at 9:55 (PP)

Penalties :
Marek Zidlicky (PHI) for Hooking (Minor) at 1:23, Joffrey Lupul (OTT) for High sticking (Minor) at 9:41, Jared Cowen (OTT) for Tripping (Minor) at 13:37

3rd period

5. Senators , Mika Zibanejad 7 (Jan Hejda, Marc Staal) at 11:45

Penalties :
Jan Hejda (OTT) for Interference (Minor) at 4:04, Joffrey Lupul (OTT) for Goalie Interference (Minor) at 8:39

Goalie Stats

Carey Price (OTT), 42 saves from 43 shots - (0.977), W, 25-5-1, 60:00 minutes
Frederik Andersen (PHI), 34 saves from 38 shots - (0.895), L, 10-9-1, 60:00 minutes

Players Stats for Senators

Player Name              G  A  P  +/- PIM S  H  SB GA TA FO     MP     PP MP  PK MP  
------------------------------------------------------------------------------------
Alec Martinez            1  0  1   2  0   1  0  1  0  0  0/0    19:38   0:35   3:39 
Anton Volchenkov         0  0  0   2  2   0  2  2  0  0  0/0    19:44   0:00   4:48 
Eric Staal               0  1  1   2  0   4  1  0  0  0  8/17   21:57   1:11   6:50 
Erik Gustafsson          0  0  0   0  0   0  0  0  0  0  0/0     1:24   1:24   0:00 
Gustav Nyquist           0  0  0   0  0   4  0  1  0  0  0/1    20:35   1:24   0:00 
Jan Hejda                0  1  1   1  4   0  0  2  0  0  0/0    23:12   0:00   5:34 
Jared Cowen              0  0  0   1  2   0  2  0  0  0  0/0    13:32   1:24   1:19 
Joffrey Lupul            0  0  0   2  6   1  2  0  0  0  1/2    10:55   0:11   0:00 
Marc Staal               0  1  1   1  0   1  0  2  0  0  0/0    24:35   0:35   5:53 
Mark Stone               0  0  0   1  0   0  0  0  0  0  1/2     7:38   0:00   0:00 
Martin St. Louis         0  0  0   0  0   7  1  0  0  0  3/3    19:46   0:35   0:00 
Mika Zibanejad           2  0  2   2  0   4  2  0  0  0  14/23  18:04   0:00   7:17 
Patrick Eaves            0  0  0   1  0   0  0  0  0  0  0/1     3:09   0:00   0:00 
Patrick Sharp            0  2  2   2  0   7  0  0  0  0  1/1    15:08   1:12   0:00 
Pavel Datsyuk            1  1  2   2  0   5  0  1  0  0  16/20  20:46   0:00   6:50 
Ron Hainsey              0  1  1   1  2   0  1  2  0  0  0/0    17:50   0:00   7:01 
Sidney Crosby            0  0  0   0  0   4  2  0  0  0  13/30  20:35   1:24   0:00 
Travis Moen              0  0  0   0  0   0  0  0  0  0  0/0     7:17   0:00   7:17 

Players Stats for Flyers

Player Name              G  A  P  +/- PIM S  H  SB GA TA FO     MP     PP MP  PK MP  
------------------------------------------------------------------------------------
Damien Brunner           0  0  0   0  0   0  0  1  0  0  3/7     4:15   0:00   0:00 
Dan Boyle                0  0  0  -3  0   2  0  4  0  0  0/0    28:50   7:04   0:20 
Daniel Sedin             0  0  0  -2  0   3  2  0  0  0  0/0    24:01   7:54   0:15 
Dany Heatley             0  0  0  -1  0   0  0  0  0  0  0/0    10:02   0:00   0:00 
Gabriel Bourque          0  0  0  -1  0   4  1  0  0  0  0/0    10:02   0:00   0:00 
Jack Skille              0  0  0   0  0   0  1  0  0  0  0/0     4:15   0:00   0:00 
Joel Ward                0  0  0  -2  0   0  4  0  0  0  2/2    25:18   7:54   1:32 
Kyle Brodziak            0  1  1  -1  0   4  1  1  0  0  2/4    21:42   6:13   1:44 
Kyle Okposo              0  0  0  -2  0   8  2  0  0  0  11/41  23:46   7:54   0:00 
Marek Zidlicky           0  1  1  -1  2   3  2  2  0  0  0/0    27:01   6:59   0:00 
Mark Fistric             0  0  0  -1  0   1  6  1  0  0  0/0     8:22   0:04   1:32 
Mike Ribeiro             0  0  0  -1  0   3  2  0  0  0  15/30  19:58   6:13   0:00 
Mike Santorelli          1  0  1  -1  0   4  0  0  0  0  2/3    20:13   6:13   0:15 
Nathan Gerbe             0  0  0   0  0   0  0  0  0  0  1/1     4:27   0:00   0:12 
Olli Jokinen             0  0  0  -1  0   3  1  0  0  0  7/12   10:02   0:00   0:00 
Philip Larsen            0  0  0   0  0   0  0  0  0  0  0/0    10:39   0:04   0:03 
Ryan Ellis               0  0  0  -2  0   2  3  0  0  0  0/0    23:45   7:04   0:22 
Tom Gilbert              0  0  0  -1  0   6  1  0  0  0  0/0    21:22   6:59   1:41 

3 Stars

1 - Mika Zibanejad (OTT)
2 - Carey Price (OTT)
3 - Pavel Datsyuk (OTT)

Power Play

Senators - 0 on 1 Attempt(s) - 0.00%
Flyers - 1 on 8 Attempt(s) - 12.50%

Penalty Kill

Senators - 7 on 8 Attempt(s) - 87.50% - Score 0 goal in Penalty Kill
Flyers - 1 on 1 Attempt(s) - 100.00% - Score 0 goal in Penalty Kill

Team Stat

Senators - Hits : 13 - Faceoff Wins : 57 - Blocked Shots : 11 - Penalty Minutes : 16
Flyers - Hits : 26 - Faceoff Wins : 43 - Blocked Shots : 9 - Penalty Minutes : 2

Official

Referees : Ian Walsh and Trevor Hanson
Linesman : Mike Cvik and Pierre Champoux

Game Notes

No Game Note

Finance

Level 1 -- Attendance: 6213 (95.58%) -- Ticket Income $652,365
Level 2 -- Attendance: 5000 (100.00%) -- Ticket Income $340,000
Level 3 -- Attendance: 3323 (94.94%) -- Ticket Income $116,305
Level 4 -- Attendance: 2922 (82.61%) -- Ticket Income $55,518
Luxury Box -- Attendance: 982 (98.20%) -- Ticket Income $186,580
Game was played at the Wells Fargo Center'
Total Attendance: 18440 (94.39%)
Total Ticket Income: $1,350,768
Other Income: $202,615
Total Income: $1,553,383

% Time on Ice - Senators

Lines # - Real PCT - Wanted PCT - Time Play
Normal Forward
1 - 44% - 40% - 19:11
2 - 32% - 30% - 13:56
3 - 17% - 20% - 7:38
4 - 7% - 10% - 3:09
Normal Defense
1 - 40% - 38% - 17:40
2 - 35% - 32% - 15:24
3 - 20% - 20% - 8:34
4 - 5% - 10% - 2:16
PP Forward
1 - 71% - 50% - 1:24
2 - 29% - 50% - 0:35
PP Defense
1 - 29% - 50% - 0:35
2 - 71% - 50% - 1:24
PK Forward
1 - 52% - 50% - 7:17
2 - 48% - 50% - 6:50
PK Defense
1 - 58% - 50% - 8:14
2 - 42% - 50% - 5:53
PK3 Forward
1 - 0% - 50%
2 - 0% - 50%
PK3 Defense
1 - 0% - 50%
2 - 0% - 50%
44 Forward
1 - 0% - 52%
2 - 0% - 48%
44 Defense
1 - 0% - 52%
2 - 0% - 48%
Last Minute Offensive  - 0:00
Last Minute Defensive  - 0:00
Total
Forward - 60:00
Defense - 60:00

% Time on Ice - Flyers

Lines # - Real PCT - Wanted PCT - Time Play
Normal Forward
1 - 36% - 40% - 15:52
2 - 31% - 35% - 13:45
3 - 23% - 20% - 10:02
4 - 10% - 5% - 4:15
Normal Defense
1 - 37% - 45% - 16:19
2 - 29% - 30% - 12:42
3 - 20% - 20% - 8:34
4 - 14% - 5% - 6:19
PP Forward
1 - 56% - 60% - 7:54
2 - 44% - 40% - 6:13
PP Defense
1 - 50% - 60% - 7:04
2 - 50% - 40% - 7:03
PK Forward
1 - 87% - 60% - 1:44
2 - 13% - 40% - 0:15
PK Defense
1 - 83% - 60% - 1:39
2 - 17% - 40% - 0:20
PK3 Forward
1 - 0% - 60%
2 - 0% - 40%
PK3 Defense
1 - 0% - 60%
2 - 0% - 40%
44 Forward
1 - 0% - 60%
2 - 0% - 40%
44 Defense
1 - 0% - 60%
2 - 0% - 40%
Last Minute Offensive  - 0:00
Last Minute Defensive  - 0:00
Total
Forward - 60:00
Defense - 60:00

Play by Play

1st period


0:01 of 1st period - Sidney Crosby wins face-off versus Kyle Okposo in neutral zone.
0:10 of 1st period - Off-side.
0:11 of 1st period - Mike Ribeiro wins face-off versus Eric Staal in neutral zone.
0:23 of 1st period - Shot by Pavel Datsyuk.
0:23 of 1st period - Shot Blocked by Marek Zidlicky.
0:33 of 1st period - Shot by Mike Santorelli.
0:33 of 1st period - Stopped by Carey Price with a rebound.
0:35 of 1st period - Shot by Tom Gilbert.
0:35 of 1st period - Stopped by Carey Price without a rebound.
0:36 of 1st period - Olli Jokinen wins face-off versus Mika Zibanejad in Senators zone.
0:51 of 1st period - Shot by Ryan Ellis.
0:51 of 1st period - Stopped by Carey Price without a rebound.
0:52 of 1st period - Sidney Crosby wins face-off versus Kyle Okposo in Senators zone.
0:54 of 1st period - Icing by Marc Staal.
0:55 of 1st period - Kyle Okposo wins face-off versus Gustav Nyquist in Senators zone.
0:58 of 1st period - Shot by Joel Ward.
0:58 of 1st period - Shot Misses the Net.
1:00 of 1st period - Shot by Marek Zidlicky.
1:00 of 1st period - Shot Blocked by Marc Staal.
1:18 of 1st period - Shot by Kyle Okposo.
1:18 of 1st period - Stopped by Carey Price with a rebound.
1:20 of 1st period - Shot by Kyle Okposo.
1:20 of 1st period - Shot Misses the Net.
2:16 of 1st period - Off-side.
2:17 of 1st period - Mika Zibanejad wins face-off versus Olli Jokinen in neutral zone.
2:28 of 1st period - Shot by Mark Fistric.
2:28 of 1st period - Stopped by Carey Price with a rebound.
2:34 of 1st period - Shot by Mika Zibanejad.
2:34 of 1st period - Goal by Mika Zibanejad - Senators : 1 - Flyers : 0.
2:35 of 1st period - Eric Staal wins face-off versus Mike Ribeiro in neutral zone.
2:48 of 1st period - Shot by Pavel Datsyuk.
2:48 of 1st period - Goal by Pavel Datsyuk - Senators : 2 - Flyers : 0.
2:49 of 1st period - Nathan Gerbe wins face-off versus Mika Zibanejad in neutral zone.
2:51 of 1st period - Marek Zidlicky is hit by Mika Zibanejad and loses puck.
2:56 of 1st period - Shot by Damien Brunner.
2:56 of 1st period - Shot Misses the Net.
3:31 of 1st period - Minor Penalty to Joffrey Lupul for Tripping.
3:32 of 1st period - Pavel Datsyuk wins face-off versus Kyle Okposo in Senators zone.
3:32 of 1st period - Pavel Datsyuk is hit by Daniel Sedin.
3:39 of 1st period - Icing by Joel Ward.
3:40 of 1st period - Pavel Datsyuk wins face-off versus Kyle Okposo in Flyers zone.
3:40 of 1st period - Pavel Datsyuk is hit by Ryan Ellis.
3:57 of 1st period - Anton Volchenkov is hit by Joel Ward and loses puck.
4:02 of 1st period - Shot by Dan Boyle.
4:02 of 1st period - Stopped by Carey Price without a rebound.
4:03 of 1st period - Eric Staal wins face-off versus Mike Ribeiro in Senators zone.
4:21 of 1st period - Icing by Mike Santorelli.
4:22 of 1st period - Mika Zibanejad wins face-off versus Mike Ribeiro in Flyers zone.
4:33 of 1st period - Shot by Tom Gilbert.
4:33 of 1st period - Shot Misses the Net.
4:35 of 1st period - Shot by Tom Gilbert.
4:35 of 1st period - Stopped by Carey Price without a rebound.
4:36 of 1st period - Pavel Datsyuk wins face-off versus Kyle Okposo in Senators zone.
5:25 of 1st period - Icing by Ryan Ellis.
5:26 of 1st period - Pavel Datsyuk wins face-off versus Kyle Okposo in Flyers zone.
5:29 of 1st period - Shot by Pavel Datsyuk.
5:29 of 1st period - Stopped by Frederik Andersen without a rebound.
5:30 of 1st period - Mike Ribeiro wins face-off versus Mika Zibanejad in Flyers zone.
5:50 of 1st period - Shot by Pavel Datsyuk.
5:50 of 1st period - Stopped by Frederik Andersen without a rebound.
5:51 of 1st period - Mike Ribeiro wins face-off versus Sidney Crosby in Flyers zone.
5:51 of 1st period - Mike Ribeiro is hit by Sidney Crosby.
6:09 of 1st period - Mike Santorelli is hit by Martin St. Louis and loses puck.
7:09 of 1st period - Shot by Patrick Sharp.
7:09 of 1st period - Shot Misses the Net.
7:30 of 1st period - Shot by Pavel Datsyuk.
7:30 of 1st period - Stopped by Frederik Andersen with a rebound.
7:33 of 1st period - Icing by Dan Boyle.
7:34 of 1st period - Kyle Okposo wins face-off versus Mika Zibanejad in Flyers zone.
7:57 of 1st period - Shot by Marek Zidlicky.
7:57 of 1st period - Deflect By Olli Jokinen.
7:57 of 1st period - Stopped by Carey Price without a rebound.
7:58 of 1st period - Mike Ribeiro wins face-off versus Sidney Crosby in Senators zone.
8:02 of 1st period - Icing by Jan Hejda.
8:03 of 1st period - Sidney Crosby wins face-off versus Mike Santorelli in Senators zone.
8:55 of 1st period - Icing by Martin St. Louis.
8:56 of 1st period - Sidney Crosby wins face-off versus Kyle Okposo in Senators zone.
9:27 of 1st period - Shot by Pavel Datsyuk.
9:27 of 1st period - Stopped by Frederik Andersen without a rebound.
9:28 of 1st period - Olli Jokinen wins face-off versus Eric Staal in Flyers zone.
9:28 of 1st period - Olli Jokinen is hit by Eric Staal.
9:39 of 1st period - Minor Penalty to Anton Volchenkov for Hooking.
9:40 of 1st period - Mika Zibanejad wins face-off versus Mike Ribeiro in Senators zone.
9:40 of 1st period - Mika Zibanejad is hit by Mike Ribeiro.
10:12 of 1st period - Shot by Mike Santorelli.
10:12 of 1st period - Stopped by Carey Price without a rebound.
10:13 of 1st period - Pavel Datsyuk wins face-off versus Kyle Okposo in Senators zone.
10:13 of 1st period - Pavel Datsyuk is hit by Kyle Okposo.
10:40 of 1st period - Shot by Dan Boyle.
10:40 of 1st period - Shot Misses the Net.
10:42 of 1st period - Shot by Daniel Sedin.
10:42 of 1st period - Stopped by Carey Price without a rebound.
10:43 of 1st period - Mike Ribeiro wins face-off versus Eric Staal in Senators zone.
10:48 of 1st period - Shot by Mike Santorelli.
10:48 of 1st period - Shot Blocked by Pavel Datsyuk.
11:10 of 1st period - Shot by Eric Staal.
11:10 of 1st period - Stopped by Frederik Andersen without a rebound.
11:11 of 1st period - Mika Zibanejad wins face-off versus Kyle Okposo in Flyers zone.
11:24 of 1st period - Marc Staal is hit by Daniel Sedin and loses puck.
11:45 of 1st period - Ron Hainsey is hit by Gabriel Bourque and loses puck.
11:49 of 1st period - Icing by Ron Hainsey.
11:50 of 1st period - Mike Ribeiro wins face-off versus Sidney Crosby in Senators zone.
12:14 of 1st period - Gustav Nyquist is hit by Mark Fistric and loses puck.
12:18 of 1st period - Sidney Crosby is hit by Mark Fistric and loses puck.
12:21 of 1st period - Shot by Gustav Nyquist.
12:21 of 1st period - Stopped by Frederik Andersen without a rebound.
12:22 of 1st period - Eric Staal wins face-off versus Kyle Okposo in Flyers zone.
12:29 of 1st period - Shot by Patrick Sharp.
12:29 of 1st period - Deflect By Pavel Datsyuk.
12:29 of 1st period - Shot Blocked by Marek Zidlicky.
12:31 of 1st period - Shot by Patrick Sharp.
12:31 of 1st period - Stopped by Frederik Andersen with a rebound.
12:33 of 1st period - Shot by Alec Martinez.
12:33 of 1st period - Goal by Alec Martinez - Senators : 3 - Flyers : 0.
12:34 of 1st period - Olli Jokinen wins face-off versus Joffrey Lupul in neutral zone.
12:34 of 1st period - Tom Gilbert is hit by Joffrey Lupul.
12:41 of 1st period - Minor Penalty to Jan Hejda for Tripping.
12:42 of 1st period - Pavel Datsyuk wins face-off versus Kyle Okposo in Senators zone.
14:47 of 1st period - Shot by Olli Jokinen.
14:47 of 1st period - Shot Misses the Net.
15:09 of 1st period - Shot by Olli Jokinen.
15:09 of 1st period - Stopped by Carey Price without a rebound.
15:10 of 1st period - Mika Zibanejad wins face-off versus Damien Brunner in Senators zone.
16:23 of 1st period - Minor Penalty to Ron Hainsey for Holding Stick.
16:24 of 1st period - Pavel Datsyuk wins face-off versus Mike Ribeiro in Senators zone.
16:41 of 1st period - Shot by Marek Zidlicky.
16:41 of 1st period - Stopped by Carey Price without a rebound.
16:42 of 1st period - Pavel Datsyuk wins face-off versus Kyle Okposo in Senators zone.
16:50 of 1st period - Icing by Ryan Ellis.
16:51 of 1st period - Pavel Datsyuk wins face-off versus Kyle Okposo in Flyers zone.
16:52 of 1st period - Shot by Eric Staal.
16:52 of 1st period - Stopped by Frederik Andersen without a rebound.
16:53 of 1st period - Pavel Datsyuk wins face-off versus Kyle Okposo in Flyers zone.
16:53 of 1st period - Pavel Datsyuk is hit by Tom Gilbert.
17:09 of 1st period - Shot by Tom Gilbert.
17:09 of 1st period - Stopped by Carey Price without a rebound.
17:10 of 1st period - Mika Zibanejad wins face-off versus Mike Ribeiro in Senators zone.
17:19 of 1st period - Shot by Dan Boyle.
17:19 of 1st period - Stopped by Carey Price without a rebound.
17:20 of 1st period - Mika Zibanejad wins face-off versus Kyle Okposo in Senators zone.
17:38 of 1st period - Shot by Ryan Ellis.
17:38 of 1st period - Deflect By Kyle Okposo.
17:38 of 1st period - Stopped by Carey Price without a rebound.
17:39 of 1st period - Mika Zibanejad wins face-off versus Mike Ribeiro in Senators zone.
17:39 of 1st period - Mika Zibanejad is hit by Kyle Brodziak.
18:04 of 1st period - Shot by Mike Ribeiro.
18:04 of 1st period - Stopped by Carey Price without a rebound.
18:05 of 1st period - Eric Staal wins face-off versus Kyle Okposo in Senators zone.
18:46 of 1st period - Shot by Gabriel Bourque.
18:46 of 1st period - Shot Misses the Net.
Goals for this period are 3 for Senators vs 0 for Flyers.
Shots for this period are 11 for Senators vs 16 for Flyers.

2nd period


0:01 of 2nd period - Martin St. Louis wins face-off versus Mike Ribeiro in neutral zone.
0:27 of 2nd period - Sidney Crosby is hit by Ryan Ellis and loses puck.
0:32 of 2nd period - Shot by Sidney Crosby.
0:32 of 2nd period - Shot Misses the Net.
0:42 of 2nd period - Shot by Martin St. Louis.
0:42 of 2nd period - Stopped by Frederik Andersen without a rebound.
0:43 of 2nd period - Joel Ward wins face-off versus Eric Staal in Flyers zone.
1:06 of 2nd period - Eric Staal is hit by Kyle Okposo and loses puck.
1:23 of 2nd period - Minor Penalty to Marek Zidlicky for Hooking.
1:24 of 2nd period - Sidney Crosby wins face-off versus Kyle Brodziak in Flyers zone.
1:27 of 2nd period - Shot by Patrick Sharp.
1:27 of 2nd period - Shot Blocked by Kyle Brodziak.
1:39 of 2nd period - Shot by Sidney Crosby.
1:39 of 2nd period - Shot Blocked by Dan Boyle.
1:46 of 2nd period - Icing by Jared Cowen.
1:47 of 2nd period - Kyle Brodziak wins face-off versus Sidney Crosby in Senators zone.
1:47 of 2nd period - Kyle Brodziak is hit by Jared Cowen.
2:00 of 2nd period - Shot by Patrick Sharp.
2:00 of 2nd period - Stopped by Frederik Andersen without a rebound.
2:01 of 2nd period - Patrick Sharp wins face-off versus Kyle Brodziak in Flyers zone.
2:22 of 2nd period - Shot by Martin St. Louis.
2:22 of 2nd period - Stopped by Frederik Andersen with a rebound.
2:24 of 2nd period - Shot by Eric Staal.
2:24 of 2nd period - Stopped by Frederik Andersen without a rebound.
2:25 of 2nd period - Kyle Brodziak wins face-off versus Sidney Crosby in Flyers zone.
2:34 of 2nd period - Tom Gilbert is hit by Sidney Crosby and loses puck.
2:40 of 2nd period - Sidney Crosby is hit by Mark Fistric and loses puck.
2:54 of 2nd period - Eric Staal is hit by Mark Fistric and loses puck.
4:04 of 2nd period - Icing by Dan Boyle.
4:05 of 2nd period - Olli Jokinen wins face-off versus Sidney Crosby in Flyers zone.
4:17 of 2nd period - Shot by Gustav Nyquist.
4:17 of 2nd period - Stopped by Frederik Andersen without a rebound.
4:18 of 2nd period - Damien Brunner wins face-off versus Eric Staal in Flyers zone.
4:29 of 2nd period - Patrick Sharp is hit by Jack Skille and loses puck.
4:41 of 2nd period - Off-side.
4:42 of 2nd period - Sidney Crosby wins face-off versus Mike Ribeiro in neutral zone.
5:21 of 2nd period - Shot by Martin St. Louis.
5:21 of 2nd period - Shot Misses the Net.
5:41 of 2nd period - Shot by Patrick Sharp.
5:41 of 2nd period - Shot Blocked by Dan Boyle.
5:45 of 2nd period - Shot by Eric Staal.
5:45 of 2nd period - Shot Misses the Net.
5:54 of 2nd period - Pavel Datsyuk is hit by Mark Fistric and loses puck.
6:09 of 2nd period - Shot by Patrick Sharp.
6:09 of 2nd period - Stopped by Frederik Andersen with a rebound.
6:15 of 2nd period - Shot by Pavel Datsyuk.
6:15 of 2nd period - Shot Misses the Net.
6:17 of 2nd period - Shot by Patrick Sharp.
6:17 of 2nd period - Stopped by Frederik Andersen without a rebound.
6:18 of 2nd period - Kyle Okposo wins face-off versus Mika Zibanejad in Flyers zone.
7:00 of 2nd period - Icing by Marek Zidlicky.
7:01 of 2nd period - Sidney Crosby wins face-off versus Kyle Okposo in Flyers zone.
7:01 of 2nd period - Sidney Crosby is hit by Marek Zidlicky.
7:05 of 2nd period - Shot by Gustav Nyquist.
7:05 of 2nd period - Deflect By Martin St. Louis.
7:05 of 2nd period - Stopped by Frederik Andersen without a rebound.
7:06 of 2nd period - Sidney Crosby wins face-off versus Olli Jokinen in Flyers zone.
7:11 of 2nd period - Shot by Sidney Crosby.
7:11 of 2nd period - Shot Misses the Net.
7:41 of 2nd period - Sidney Crosby is hit by Olli Jokinen and loses puck.
7:53 of 2nd period - Shot by Sidney Crosby.
7:53 of 2nd period - Shot Hit the Post.
8:46 of 2nd period - Icing by Daniel Sedin.
8:47 of 2nd period - Kyle Okposo wins face-off versus Mika Zibanejad in Flyers zone.
8:47 of 2nd period - Kyle Okposo is hit by Mika Zibanejad.
9:40 of 2nd period - Kyle Brodziak is hit by Joffrey Lupul and loses puck.
9:41 of 2nd period - Minor Penalty to Joffrey Lupul for High sticking.
9:42 of 2nd period - Mike Ribeiro wins face-off versus Pavel Datsyuk in Senators zone.
9:43 of 2nd period - Shot by Tom Gilbert.
9:43 of 2nd period - Shot Misses the Net.
9:45 of 2nd period - Shot by Marek Zidlicky.
9:45 of 2nd period - Shot Misses the Net.
9:51 of 2nd period - Shot by Mike Santorelli.
9:51 of 2nd period - Deflect By Kyle Brodziak.
9:51 of 2nd period - Shot Misses the Net.
9:55 of 2nd period - Shot by Mike Santorelli.
9:55 of 2nd period - Goal by Mike Santorelli - Senators : 3 - Flyers : 1.
9:56 of 2nd period - Sidney Crosby wins face-off versus Olli Jokinen in neutral zone.
10:22 of 2nd period - Shot by Olli Jokinen.
10:22 of 2nd period - Shot Blocked by Jan Hejda.
11:14 of 2nd period - Shot by Kyle Brodziak.
11:14 of 2nd period - Shot Blocked by Jan Hejda.
13:10 of 2nd period - Shot by Olli Jokinen.
13:10 of 2nd period - Deflect By Gabriel Bourque.
13:10 of 2nd period - Stopped by Carey Price without a rebound.
13:11 of 2nd period - Mark Stone wins face-off versus Damien Brunner in Senators zone.
13:17 of 2nd period - Jared Cowen is hit by Marek Zidlicky and loses puck.
13:37 of 2nd period - Minor Penalty to Jared Cowen for Tripping.
13:38 of 2nd period - Mike Ribeiro wins face-off versus Mika Zibanejad in Senators zone.
13:41 of 2nd period - Shot by Mike Santorelli.
13:41 of 2nd period - Stopped by Carey Price without a rebound.
13:42 of 2nd period - Mika Zibanejad wins face-off versus Kyle Okposo in Senators zone.
15:24 of 2nd period - Shot by Kyle Brodziak.
15:24 of 2nd period - Shot Blocked by Ron Hainsey.
15:26 of 2nd period - Shot by Kyle Brodziak.
15:26 of 2nd period - Stopped by Carey Price with a rebound.
15:28 of 2nd period - Shot by Kyle Brodziak.
15:28 of 2nd period - Shot Misses the Net.
16:03 of 2nd period - Shot by Gustav Nyquist.
16:03 of 2nd period - Stopped by Frederik Andersen without a rebound.
16:04 of 2nd period - Damien Brunner wins face-off versus Eric Staal in Flyers zone.
16:06 of 2nd period - Icing by Marek Zidlicky.
16:07 of 2nd period - Damien Brunner wins face-off versus Pavel Datsyuk in Flyers zone.
16:49 of 2nd period - Icing by Alec Martinez.
16:50 of 2nd period - Eric Staal wins face-off versus Kyle Okposo in Senators zone.
17:07 of 2nd period - Shot by Kyle Okposo.
17:07 of 2nd period - Stopped by Carey Price with a rebound.
17:09 of 2nd period - Shot by Daniel Sedin.
17:09 of 2nd period - Deflect By Kyle Okposo.
17:09 of 2nd period - Stopped by Carey Price with a rebound.
17:11 of 2nd period - Shot by Kyle Okposo.
17:11 of 2nd period - Stopped by Carey Price without a rebound.
17:12 of 2nd period - Mike Ribeiro wins face-off versus Sidney Crosby in Senators zone.
17:15 of 2nd period - Shot by Dan Boyle.
17:15 of 2nd period - Shot Misses the Net.
17:17 of 2nd period - Shot by Mike Ribeiro.
17:17 of 2nd period - Shot Misses the Net.
17:19 of 2nd period - Shot by Kyle Brodziak.
17:19 of 2nd period - Stopped by Carey Price without a rebound.
17:20 of 2nd period - Kyle Okposo wins face-off versus Sidney Crosby in Senators zone.
17:32 of 2nd period - Martin St. Louis is hit by Joel Ward and loses puck.
17:49 of 2nd period - Shot by Sidney Crosby.
17:49 of 2nd period - Shot Misses the Net.
17:51 of 2nd period - Shot by Martin St. Louis.
17:51 of 2nd period - Shot Blocked by Dan Boyle.
17:53 of 2nd period - Shot by Marc Staal.
17:53 of 2nd period - Deflect By Sidney Crosby.
17:53 of 2nd period - Shot Misses the Net.
17:55 of 2nd period - Shot by Martin St. Louis.
17:55 of 2nd period - Stopped by Frederik Andersen without a rebound.
17:56 of 2nd period - Mike Ribeiro wins face-off versus Mika Zibanejad in Flyers zone.
18:28 of 2nd period - Icing by Marek Zidlicky.
18:29 of 2nd period - Mike Ribeiro wins face-off versus Sidney Crosby in Flyers zone.
18:46 of 2nd period - Shot by Mike Ribeiro.
18:46 of 2nd period - Stopped by Carey Price without a rebound.
18:47 of 2nd period - Kyle Okposo wins face-off versus Eric Staal in Senators zone.
18:50 of 2nd period - Shot by Kyle Okposo.
18:50 of 2nd period - Shot Blocked by Anton Volchenkov.
18:52 of 2nd period - Shot by Joel Ward.
18:52 of 2nd period - Shot Blocked by Alec Martinez.
19:12 of 2nd period - Shot by Ryan Ellis.
19:12 of 2nd period - Stopped by Carey Price without a rebound.
19:13 of 2nd period - Olli Jokinen wins face-off versus Sidney Crosby in Senators zone.
19:18 of 2nd period - Shot by Gabriel Bourque.
19:18 of 2nd period - Stopped by Carey Price without a rebound.
19:19 of 2nd period - Sidney Crosby wins face-off versus Mike Ribeiro in Senators zone.
19:40 of 2nd period - Shot by Martin St. Louis.
19:40 of 2nd period - Stopped by Frederik Andersen with a rebound.
Goals for this period are 0 for Senators vs 1 for Flyers.
Shots for this period are 11 for Senators vs 11 for Flyers.

3rd period


0:01 of 3rd period - Joel Ward wins face-off versus Sidney Crosby in neutral zone.
0:13 of 3rd period - Icing by Joel Ward.
0:14 of 3rd period - Mika Zibanejad wins face-off versus Kyle Okposo in Flyers zone.
0:15 of 3rd period - Shot by Joffrey Lupul.
0:15 of 3rd period - Stopped by Frederik Andersen without a rebound.
0:16 of 3rd period - Sidney Crosby wins face-off versus Kyle Okposo in Flyers zone.
0:57 of 3rd period - Shot by Martin St. Louis.
0:57 of 3rd period - Shot Blocked by Dan Boyle.
1:23 of 3rd period - Mark Stone is hit by Mike Ribeiro and loses puck.
1:40 of 3rd period - Shot by Tom Gilbert.
1:40 of 3rd period - Stopped by Carey Price without a rebound.
1:41 of 3rd period - Eric Staal wins face-off versus Olli Jokinen in Senators zone.
1:50 of 3rd period - Gabriel Bourque is hit by Ron Hainsey.
1:54 of 3rd period - Shot by Olli Jokinen.
1:54 of 3rd period - Deflect By Gabriel Bourque.
1:54 of 3rd period - Stopped by Carey Price without a rebound.
1:55 of 3rd period - Joffrey Lupul wins face-off versus Damien Brunner in Senators zone.
2:30 of 3rd period - Joffrey Lupul is hit by Ryan Ellis and loses puck.
3:11 of 3rd period - Shot by Patrick Sharp.
3:11 of 3rd period - Stopped by Frederik Andersen without a rebound.
3:12 of 3rd period - Mike Ribeiro wins face-off versus Sidney Crosby in Flyers zone.
3:29 of 3rd period - Shot by Mike Ribeiro.
3:29 of 3rd period - Shot Misses the Net.
3:35 of 3rd period - Shot by Mike Ribeiro.
3:35 of 3rd period - Shot Misses the Net.
3:37 of 3rd period - Shot by Kyle Brodziak.
3:37 of 3rd period - Stopped by Carey Price without a rebound.
3:38 of 3rd period - Kyle Okposo wins face-off versus Eric Staal in Senators zone.
3:47 of 3rd period - Shot by Kyle Okposo.
3:47 of 3rd period - Stopped by Carey Price without a rebound.
3:48 of 3rd period - Mika Zibanejad wins face-off versus Kyle Okposo in Senators zone.
3:57 of 3rd period - Shot by Kyle Okposo.
3:57 of 3rd period - Shot Misses the Net.
3:59 of 3rd period - Shot by Tom Gilbert.
3:59 of 3rd period - Stopped by Carey Price without a rebound.
4:00 of 3rd period - Mike Santorelli wins face-off versus Sidney Crosby in Senators zone.
4:04 of 3rd period - Minor Penalty to Jan Hejda for Interference.
4:05 of 3rd period - Pavel Datsyuk wins face-off versus Kyle Okposo in Senators zone.
4:40 of 3rd period - Shot by Ryan Ellis.
4:40 of 3rd period - Shot Misses the Net.
4:42 of 3rd period - Shot by Daniel Sedin.
4:42 of 3rd period - Shot Blocked by Ron Hainsey.
5:00 of 3rd period - Shot by Tom Gilbert.
5:00 of 3rd period - Stopped by Carey Price without a rebound.
5:01 of 3rd period - Pavel Datsyuk wins face-off versus Mike Ribeiro in Senators zone.
5:08 of 3rd period - Shot by Mike Ribeiro.
5:08 of 3rd period - Shot Blocked by Anton Volchenkov.
5:10 of 3rd period - Shot by Kyle Brodziak.
5:10 of 3rd period - Stopped by Carey Price without a rebound.
5:11 of 3rd period - Mike Ribeiro wins face-off versus Pavel Datsyuk in Senators zone.
6:12 of 3rd period - Shot by Gabriel Bourque.
6:12 of 3rd period - Stopped by Carey Price without a rebound.
6:13 of 3rd period - Kyle Okposo wins face-off versus Sidney Crosby in Senators zone.
6:56 of 3rd period - Icing by Jan Hejda.
6:57 of 3rd period - Olli Jokinen wins face-off versus Sidney Crosby in Senators zone.
7:30 of 3rd period - Shot by Marek Zidlicky.
7:30 of 3rd period - Stopped by Carey Price without a rebound.
7:31 of 3rd period - Mike Ribeiro wins face-off versus Eric Staal in Senators zone.
7:49 of 3rd period - Mike Ribeiro is hit by Anton Volchenkov.
8:09 of 3rd period - Dan Boyle is hit by Anton Volchenkov and loses puck.
8:39 of 3rd period - Minor Penalty to Joffrey Lupul for Goalie Interference.
8:40 of 3rd period - Mika Zibanejad wins face-off versus Kyle Okposo in Senators zone.
8:51 of 3rd period - Jan Hejda is hit by Joel Ward and loses puck.
9:10 of 3rd period - Shot by Daniel Sedin.
9:10 of 3rd period - Stopped by Carey Price without a rebound.
9:11 of 3rd period - Pavel Datsyuk wins face-off versus Kyle Okposo in Senators zone.
9:26 of 3rd period - Shot by Kyle Okposo.
9:26 of 3rd period - Stopped by Carey Price without a rebound.
9:27 of 3rd period - Pavel Datsyuk wins face-off versus Mike Ribeiro in Senators zone.
9:40 of 3rd period - Off-side.
9:41 of 3rd period - Mika Zibanejad wins face-off versus Kyle Okposo in neutral zone.
10:15 of 3rd period - Shot by Marek Zidlicky.
10:15 of 3rd period - Stopped by Carey Price without a rebound.
10:16 of 3rd period - Pavel Datsyuk wins face-off versus Mike Ribeiro in Senators zone.
10:56 of 3rd period - Shot by Martin St. Louis.
10:56 of 3rd period - Stopped by Frederik Andersen with a rebound.
11:11 of 3rd period - Shot by Gustav Nyquist.
11:11 of 3rd period - Stopped by Frederik Andersen with a rebound.
11:17 of 3rd period - Shot by Sidney Crosby.
11:17 of 3rd period - Stopped by Frederik Andersen without a rebound.
11:18 of 3rd period - Kyle Okposo wins face-off versus Mika Zibanejad in Flyers zone.
11:41 of 3rd period - Shot by Mika Zibanejad.
11:41 of 3rd period - Stopped by Frederik Andersen with a rebound.
11:43 of 3rd period - Shot by Marc Staal.
11:43 of 3rd period - Shot Misses the Net.
11:45 of 3rd period - Shot by Jan Hejda.
11:45 of 3rd period - Deflect By Mika Zibanejad.
11:45 of 3rd period - Goal by Mika Zibanejad - Senators : 4 - Flyers : 1.
11:46 of 3rd period - Pavel Datsyuk wins face-off versus Mike Ribeiro in neutral zone.
12:26 of 3rd period - Shot by Eric Staal.
12:26 of 3rd period - Stopped by Frederik Andersen without a rebound.
12:27 of 3rd period - Sidney Crosby wins face-off versus Kyle Okposo in Flyers zone.
12:32 of 3rd period - Shot by Martin St. Louis.
12:32 of 3rd period - Shot Misses the Net.
12:34 of 3rd period - Shot by Gustav Nyquist.
12:34 of 3rd period - Shot Misses the Net.
12:36 of 3rd period - Shot by Sidney Crosby.
12:36 of 3rd period - Stopped by Frederik Andersen with a rebound.
12:38 of 3rd period - Shot by Marc Staal.
12:38 of 3rd period - Shot Hit the Post.
12:57 of 3rd period - Shot by Martin St. Louis.
12:57 of 3rd period - Stopped by Frederik Andersen without a rebound.
12:58 of 3rd period - Mika Zibanejad wins face-off versus Olli Jokinen in Flyers zone.
12:58 of 3rd period - Mika Zibanejad is hit by Mark Fistric.
13:08 of 3rd period - Shot by Mika Zibanejad.
13:08 of 3rd period - Stopped by Frederik Andersen without a rebound.
13:09 of 3rd period - Eric Staal wins face-off versus Mike Ribeiro in Flyers zone.
13:24 of 3rd period - Shot by Mike Santorelli.
13:24 of 3rd period - Deflect By Mike Ribeiro.
13:24 of 3rd period - Stopped by Carey Price without a rebound.
13:25 of 3rd period - Martin St. Louis wins face-off versus Kyle Okposo in Senators zone.
13:32 of 3rd period - Shot by Daniel Sedin.
13:32 of 3rd period - Stopped by Carey Price without a rebound.
13:33 of 3rd period - Sidney Crosby wins face-off versus Kyle Okposo in Senators zone.
13:33 of 3rd period - Sidney Crosby is hit by Joel Ward.
13:41 of 3rd period - Shot by Sidney Crosby.
13:41 of 3rd period - Stopped by Frederik Andersen without a rebound.
13:42 of 3rd period - Kyle Okposo wins face-off versus Sidney Crosby in Flyers zone.
13:49 of 3rd period - Shot by Kyle Okposo.
13:49 of 3rd period - Shot Blocked by Marc Staal.
14:22 of 3rd period - Shot by Martin St. Louis.
14:22 of 3rd period - Deflect By Sidney Crosby.
14:22 of 3rd period - Stopped by Frederik Andersen without a rebound.
14:23 of 3rd period - Mike Ribeiro wins face-off versus Mark Stone in Flyers zone.
15:27 of 3rd period - Tom Gilbert is hit by Jared Cowen and loses puck.
16:40 of 3rd period - Shot by Olli Jokinen.
16:40 of 3rd period - Stopped by Carey Price without a rebound.
16:41 of 3rd period - Martin St. Louis wins face-off versus Damien Brunner in Senators zone.
16:58 of 3rd period - Shot by Gustav Nyquist.
16:58 of 3rd period - Shot Blocked by Mark Fistric.
17:00 of 3rd period - Shot by Martin St. Louis.
17:00 of 3rd period - Shot Blocked by Damien Brunner.
17:02 of 3rd period - Shot by Marc Staal.
17:02 of 3rd period - Stopped by Frederik Andersen without a rebound.
17:03 of 3rd period - Olli Jokinen wins face-off versus Patrick Eaves in Flyers zone.
18:19 of 3rd period - Shot by Kyle Okposo.
18:19 of 3rd period - Shot Misses the Net.
18:23 of 3rd period - Shot by Kyle Okposo.
18:23 of 3rd period - Stopped by Carey Price without a rebound.
18:24 of 3rd period - Mike Santorelli wins face-off versus Sidney Crosby in Senators zone.
18:45 of 3rd period - Shot by Mike Ribeiro.
18:45 of 3rd period - Shot Misses the Net.
18:47 of 3rd period - Shot by Mike Ribeiro.
18:47 of 3rd period - Shot Blocked by Gustav Nyquist.
19:05 of 3rd period - Shot by Mike Ribeiro.
19:05 of 3rd period - Shot Misses the Net.
19:47 of 3rd period - Shot by Patrick Sharp.
19:47 of 3rd period - Stopped by Frederik Andersen without a rebound.
19:48 of 3rd period - Kyle Okposo wins face-off versus Pavel Datsyuk in Flyers zone.
19:57 of 3rd period - Shot by Patrick Sharp.
19:57 of 3rd period - Stopped by Frederik Andersen without a rebound.
19:58 of 3rd period - Eric Staal wins face-off versus Kyle Okposo in Flyers zone.
Goals for this period are 1 for Senators vs 0 for Flyers.
Shots for this period are 16 for Senators vs 16 for Flyers.


Output by the SimonT Hockey Simulator (STHS) for Stephane Roy -- Original Page W3C XHTML 1.0 Valid
Hockey Simulator - Hockey Simulation - Hockey Manager